 Dungeon Crawl Stone Soup version 0.24-a0-580-g6a6c3f83c1 (webtiles) character file.

Game seed: 15674928465385540987

41 Mithandil the Shield-Bearer (level 3, -2/33 HPs)
             Began as a Minotaur Fighter on Aug 22, 2019.
             Slain by Grinder (5 damage)
             ... on level 3 of the Dungeon.
             The game lasted 00:07:17 (1596 turns).

Mithandil the Shield-Bearer (Minotaur Fighter)      Turns: 1596, Time: 00:07:18

Health: -2/33      AC:  9    Str: 21    XL:     3   Next: 32%
Magic:  2/2        EV:  6    Int:  5    God:
Gold:   147        SH:  9    Dex:  9    Spells: 2/2 levels left

rFire    + . .     SeeInvis .   a - +0 war axe
rCold    x . .     Gourm    .   c - +0 shield
rNeg     . . .     Faith    .   n - +0 chain mail
rPois    .         Spirit   .   (helmet restricted)
rElec    .         Reflect  .   (no cloak)
rCorr    .         Harm     .   (no gloves)
MR       .....                  (no boots)
Stlth    ..........             (no amulet)
HPRegen  0.11/turn              h - ring of fire
MPRegen  0.08/turn              (no ring)

@: no status effects
A: retaliatory headbutt, horns 2
a: no special abilities


You were on level 3 of the Dungeon.
You were not hungry.

You visited 1 branch of the dungeon, and saw 5 of its levels.

You collected 147 gold pieces.

Inventory:

Hand Weapons
 a - a +0 war axe (weapon)
Missiles
 e - 112 stones (quivered)
 m - 22 sling bullets
Armour
 c - a +0 shield (worn)
 n - a +0 chain mail (worn)
Jewellery
 h - a ring of fire (left hand)
Scrolls
 j - a scroll of amnesia {unknown}
 l - 2 scrolls of blinking {unknown}
 o - 5 scrolls of remove curse {unknown}
 p - a scroll of identify {unknown}
Potions
 b - a potion of heal wounds {unknown}
 d - a potion of might
 i - 2 potions of flight {unknown}
 k - a potion of degeneration {unknown}
Comestibles
 f - 3 rations
 g - 6 chunks of flesh


   Skills:
 + Level 3.8 Fighting
 * Level 3.3 Axes
 + Level 3.9 Armour
 + Level 0.9 Dodging
 * Level 4.2 Shields


You had 2 spell levels left.
You didn't know any spells.
Your spell library was empty.

Dungeon Overview and Level Annotations

Branches:
Dungeon (5/15)
 Temple: D:4-7

Altars:
Uskayaw

Annotations:
D:3 Grinder


Innate Abilities, Weirdness & Mutations

You reflexively headbutt those who attack you in melee.
You have a pair of horns on your head.


Message History

You closely miss Grinder. Your headbutt misses Grinder.
Grinder is moderately wounded.
Grinder hits you.
* * * LOW HITPOINT WARNING * * *
You writhe in agony.
* * * LOW HITPOINT WARNING * * *
You closely miss Grinder. Your headbutt misses Grinder.
Grinder is moderately wounded.
You block Grinder's attack.
Grinder says, "I used to sell toenails on the black market."
Grinder hits you but does no damage.
You hit Grinder.
Grinder is moderately wounded.
Grinder hits you but does no damage.
You hit Grinder. You headbutt Grinder.
Grinder is heavily wounded.
Grinder hits you.
* * * LOW HITPOINT WARNING * * *
You writhe in agony.
You die...

#############
#............
#........###...
#....@5<......!
#........#####.
#........#(..#.
#######+.#(..#.
.#####. .......
..._... .......


You could see Grinder and 2 dancing weapons.

Vanquished Creatures
  3 dart slugs
  3 leopard geckos (D:1)
  4 bats
  A giant cockroach (D:2)
  5 hobgoblins
  3 ball pythons
  3 frilled lizards
  3 goblins
  2 kobolds (D:1)
  5 rats
32 creatures vanquished.

Notes
Turn   | Place    | Note
-------+----------+-------------------------------------------
     0 | D:1      | Mithandil the Minotaur Fighter began the quest for the Orb.
     0 | D:1      | Reached XP level 1. HP: 19/19 MP: 0/0
   265 | D:1      | Reached XP level 2. HP: 20/27 MP: 1/1
   434 | D:1      | Reached skill level 4 in Shields
   830 | D:1      | Reached XP level 3. HP: 33/33 MP: 2/2
  1198 | D:5      | Entered Level 5 of the Dungeon
  1579 | D:3      | Found a hide-covered altar of Uskayaw.
  1579 | D:3      | Noticed a +3 hand axe
  1579 | D:3      | Noticed a +0 hand axe
  1579 | D:3      | Noticed Grinder
  1579 | D:3      | Paralysed by Grinder for 2 turns
  1596 | D:3      | Slain by Grinder

Levels and vault maps discovered:
D:1:      tarquinn_simple_flora_water_e, layout_loops_corners
D:2:      layout_loops_ring, zin_angel, kennysheep_cross_room,
          kennysheep_generic_room_7
D:3:      layout_basic, dancing_weapons_uskayaw, first_ration, uniq_grinder
D:4:      layout_loops_ring, nicolae_dithmenos_the_darkroom
D:5:      layout_loops_corners, overflow_temple_1_default

Skill      XL: |  1  2 |
---------------+-------+-----
Axes           | 3 |  3.3
Shields        | 4 |  4.2
Fighting       | |  3.8
Armour         | |  3.9
Dodging        | |  0.9

Action                   || total
-------------------------++-------
Melee: War axe           ||    75
       Headbutt          ||     5
  Eat: Chunk             ||     2
Armor: Scale mail        ||    17
       Chain mail        ||    20
Dodge: Dodged            ||    20
Block: Shield            ||    46

Table legend:
 A = Non-vault XP
 B = Vault XP
 C = Vault XP percentage of total XP
 D = Non-vault monster count
 E = Vault monster count
 F = Vault count percentage of total count
                 A         B        C        D         E       F
            +---------+---------+-------+---------+---------+-------
      Total |      57 |       2 |   3.4 |      31 |       1 |   3.1
            +---------+---------+-------+---------+---------+-------
        D:1 |      38 |       0 |   0.0 |      21 |       0 |   0.0
        D:2 |      18 |       2 |  10.0 |       9 |       1 |  10.0
        D:3 |       1 |       0 |   0.0 |       1 |       0 |   0.0
            +---------+---------+-------+---------+---------+-------
